 Dungeon Crawl Stone Soup version 0.22-a0-223-g0f5d773 (webtiles) character file.

119 MrPlanck the Ducker (level 4, -3/33 HPs)
             Began as a Minotaur Enchanter on Feb 18, 2018.
             Slain by a goblin
             ... wielding a +0 dagger
             ... led by Robin
              (4 damage)
             ... on level 3 of the Dungeon.
             The game lasted 00:07:33 (2486 turns).

MrPlanck the Ducker (Minotaur Enchanter)            Turns: 2486, Time: 00:07:33

Health: -3/33      AC:  2    Str: 13    XL:     4   Next: 73%
Magic:  4/6        EV: 13    Int: 12    God:
Gold:   150        SH:  0    Dex: 11    Spells: 1/7 levels left

rFire    . . .     SeeInvis .   e - +1 short sword
rCold    . . .     Gourm    .   (no shield)
rNeg     . . .     Faith    .   b - +0 robe
rPois    .         Spirit   .   (helmet restricted)
rElec    .         Reflect  .   (no cloak)
rCorr    .         Harm     .   (no gloves)
MR       .....                  (no boots)
Stlth    ++........             (no amulet)
HPRegen  0.11/turn              (no ring)
MPRegen  0.10/turn              (no ring)

@: no status effects
A: retaliatory headbutt, horns 2
a: no special abilities


You were on level 3 of the Dungeon.
You were not hungry.

You visited 1 branch of the dungeon, and saw 3 of its levels.

You collected 150 gold pieces.

Inventory:

Hand Weapons
 a - a +1 dagger
 e - a +1 short sword (weapon)
 f - a +1 dagger of venom
Missiles
 l - 8 tomahawks (quivered)
Armour
 b - a +0 robe (worn)
Wands
 d - a wand of enslavement (13)
Potions
 h - 2 potions of degeneration {unknown}
 i - 2 potions of ambrosia {unknown}
 j - a potion of lignification {unknown}
 m - 2 potions of brilliance {unknown}
Comestibles
 c - a ration
 n - 2 chunks of flesh


   Skills:
 + Level 2.4 Short Blades
 + Level 3.1 Dodging
 + Level 3.0 Stealth
 + Level 2.0 Spellcasting
 + Level 2.4 Hexes


You had one spell level left.
You knew the following spells:

 Your Spells              Type           Power        Failure   Level  Hunger
a - Corona                Hex            #......      10%         1    ##.....
c - Confuse               Hex            #.......     30%         3    ####...
e - Ensorcelled Hibernat  Hex/Ice        #.....       26%         2    ###....


Dungeon Overview and Level Annotations

Branches:
Dungeon (3/15)

Altars:

Annotations:
D:2 1 exclusion
D:3 Ijyb


Innate Abilities, Weirdness & Mutations

You reflexively headbutt those who attack you in melee.
You have a pair of horns on your head.


Message History

Your hobgoblin barely misses the goblin.
The goblin hits you with a club.
* * * LOW HITPOINT WARNING * * *
The hobgoblin is no longer charmed.
The goblin unwields an uncursed club.
The goblin wields an uncursed hunting sling.
The goblin shoots a stone.
The stone hits you.
* * * LOW HITPOINT WARNING * * *
You see here a stone.
The goblin hits you with a club.
* * * LOW HITPOINT WARNING * * *
The goblin shoots a stone.
The stone hits you.
* * * LOW HITPOINT WARNING * * *
Unknown command.
Evoke which item? (* to show all) (? for menu, Esc to quit)
Aiming: Enslavement
Press: ? - help, Shift-Dir - straight line, f - goblin
Aim: a goblin, wielding a hunting sling (chance to defeat MR: 63%)
The goblin resists with significant effort.
The goblin closely misses you. The goblin hits you with a dagger.
You die...

.##.##.#..#### #...........#
###########.# . #.# . . #.# .#
#.## # ##.##.# ... .# #......
.###.############.## #...#..
..........(gg.(@...# #...#..
.###..((...###gg#.## #####...#..
...........###..######..........
......)....()...................
#......).).##...######.........#
##.#.......###....# #####...#.#
# #............#.# #...#..
##############.# #...### #
#..g##.


You could see a hobgoblin and 3 goblins.

Vanquished Creatures
  A hound zombie (D:2)
  4 adders
  An adder zombie (D:2)
  An adder skeleton (D:2)
  A leopard gecko (D:2)
  A ball python (D:1)
  A bat skeleton (D:2)
  5 giant cockroaches
  10 goblins
  7 hobgoblins
  8 kobolds
  A quokka (D:2)
  A ball python zombie (D:2)
  3 bats
  3 frilled lizards (D:1)
  A jackal zombie (D:2)
  3 rats
52 creatures vanquished.

Vanquished Creatures (collateral kills)
  Robin (D:3)
  A hobgoblin (D:3)
2 creatures vanquished.

Vanquished Creatures (others)
  A hobgoblin (D:3)
1 creature vanquished.

Grand Total: 55 creatures vanquished

Notes
Turn   | Place    | Note
-------+----------+-------------------------------------------
     0 | D:1      | MrPlanck the Minotaur Enchanter began the quest for the Orb.
     0 | D:1      | Reached XP level 1. HP: 14/14 MP: 1/1
   513 | D:1      | Reached XP level 2. HP: 20/20 MP: 3/3
  1170 | D:1      | Learned a level 2 spell: Ensorcelled Hibernation
  1228 | D:2      | Reached XP level 3. HP: 23/26 MP: 4/4
  1969 | D:2      | Reached XP level 4. HP: 27/33 MP: 5/5
  2199 | D:2      | Learned a level 3 spell: Confuse
  2332 | D:3      | Noticed Robin
  2351 | D:3      | Noticed Ijyb
  2465 | D:3      | Killed Robin
  2485 | D:3      | HP: 1/33 [goblin/stone[Robin] (1)]
  2486 | D:3      | Slain by a goblin

Vault maps used:
D:1:      saegor_arrival_simple_f, serial_glass, glass_columns_a,
          glass_columns_a, glass_columns_b, glass_columns_b, glass_columns_a,
          glass_columns_c, glass_columns_b, glass_columns_b, st_stairs_1
D:2:      serial_undead, serial_undead_e, serial_undead_f, serial_undead_b,
          serial_undead_c, serial_undead_b, serial_undead_a, serial_undead_e,
          serial_undead_f
D:3:      minmay_liquid_box, minivault_19, nemelex_diamond_rough_becter,
          uniq_robin, uniq_ijyb

Skill      XL: |  1  2  3  4 |
---------------+-------------+-----
Short Blades   | 2 |  2.4
Dodging        | 3 |  3.1
Stealth        | 3 |  3.0
Spellcasting   | 2 |  2.0
Hexes          | |  2.4

Action                   |  1- 3 |  4- 6 || total
-------------------------+-------+-------++-------
Melee: Short sword       |    90 |    27 ||   117
       Dagger            |     5 |       ||     5
       Headbutt          |    11 |     1 ||    12
 Cast: Corona            |     6 |     1 ||     7
       Ensorcelled Hiber |     6 |     5 ||    11
Evoke: Wand              |       |     4 ||     4
  Use: Scroll            |       |     2 ||     2
       Potion            |       |     2 ||     2
 Stab: Sleeping          |     5 |     2 ||     7
  Eat: Chunk             |     4 |       ||     4
       Ration            |       |     1 ||     1
Armor: Robe              |    25 |     5 ||    30
Dodge: Dodged            |    60 |    29 ||    89

Table legend:
 A = Spawn XP
 B = Non-spawn XP
 C = Spawn XP percentage of total XP
 D = Spawn monster count
 E = Non-spawn monster count
 F = Spawn count percentage of total count
 G = Total turns spent on level
                    A         B        C        D         E        F      G
               +---------+---------+-------+---------+---------+-------+---------
         Total |       0 |     170 |   0.0 |       0 |      54 |   0.0 |  2486
               +---------+---------+-------+---------+---------+-------+---------
           D:1 |       0 |      33 |   0.0 |       0 |      21 |   0.0 |  1358
           D:2 |       0 |      96 |   0.0 |       0 |      19 |   0.0 |   842
           D:3 |       0 |      41 |   0.0 |       0 |      14 |   0.0 |   286
               +---------+---------+-------+---------+---------+-------+---------
